BR
OTTAWA FAT CATS @ GRAND RAPIDS DUTCH OVENS
09/05/2027
 
TOP OF THE 1ST
Ottawa Fat Cats batting - Pitching for Grand Rapids Dutch Ovens : RHP Bob Peterson
Pitching: RHP Bob Peterson
Batting: LHB Eric Dillard 0-0: Fly out, F8 (Flyball, 8RS)
Batting: RHB Tim Bonner 0-0: Called Strike
0-1: Swinging Strike
0-2: Ball
1-2: Strikes out swinging
Batting: LHB Wayne Rogers 0-0: Ball
1-0: Ground out U3 (Groundball, 3)
Top of the 1st over - 0 run(s), 0 hit(s), 0 error(s), 0 left on base; Ottawa 0 - Grand Rapids 0
BOTTOM OF THE 1ST
Grand Rapids Dutch Ovens batting - Pitching for Ottawa Fat Cats : RHP Steve Sousa
Pitching: RHP Steve Sousa
Batting: RHB José Wills 0-0: Called Strike
0-1: Swinging Strike
0-2: Strikes out looking
Batting: SHB Víctor Torres 0-0: Ground out 4-3 (Groundball, 34D)
Batting: RHB Tim Lee 0-0: Called Strike
0-1: Ball
1-1: Ball
2-1: Ball
3-1: Base on Balls
Batting: LHB Nick Weber 0-0: Ball
1-0: Foul Ball, location: 2F
1-1: Called Strike
Tim Lee steals 2nd base
1-2: Foul Ball, location: 2F
1-2: Foul Ball, location: 2F
1-2: Ball
2-2: Ground out 1-3 (Groundball, P)
Bottom of the 1st over - 0 run(s), 0 hit(s), 0 error(s), 1 left on base; Ottawa 0 - Grand Rapids 0
TOP OF THE 2ND
Ottawa Fat Cats batting - Pitching for Grand Rapids Dutch Ovens : RHP Bob Peterson
Batting: RHB Lawrence Howard 0-0: Swinging Strike
0-1: Ball
1-1: Called Strike
1-2: Ball
2-2: SINGLE (Line Drive, 8LS)
Batting: LHB Felipe Rivera 0-0: SINGLE (Flyball, 8RS)
Lawrence Howard to second
Batting: RHB Santiago Díaz 0-0: Grounds into double play, 6-4-3 (Groundball, 56)
Lawrence Howard to third
Batting: SHB Jorge Santos 0-0: Called Strike
0-1: SINGLE (Groundball, 56D)
Lawrence Howard scores
Batting: LHB Justin Tubridy 0-0: Ball
1-0: Fielders Choice at 2nd, 6-4 (Groundball, 6)
Top of the 2nd over - 1 run(s), 3 hit(s), 0 error(s), 0 left on base; Ottawa 1 - Grand Rapids 0
BOTTOM OF THE 2ND
Grand Rapids Dutch Ovens batting - Pitching for Ottawa Fat Cats : RHP Steve Sousa
Batting: RHB William Todd 0-0: SOLO HOME RUN (Flyball, 7LD), Distance : 336 ft
Batting: LHB Félix Costa 0-0: Ball
1-0: Ball
2-0: Ball
3-0: Called Strike
3-1: Foul Ball, location: 2F
3-2: Foul Ball, location: 2F
3-2: Base on Balls
Batting: RHB Carlos Rosa 0-0: Swinging Strike
0-1: Ball
1-1: Ball
2-1: Ball
3-1: Swinging Strike
3-2: Strikes out looking
Batting: RHB Alec Goodman 0-0: Ball
1-0: Ball
2-0: SINGLE (Groundball, 56D)
Félix Costa to second
Batting: RHB Takuro Okawa 0-0: Ball
1-0: Grounds into double play, 5-4-3 (Groundball, 5)
Bottom of the 2nd over - 1 run(s), 2 hit(s), 0 error(s), 1 left on base; Ottawa 1 - Grand Rapids 1
TOP OF THE 3RD
Ottawa Fat Cats batting - Pitching for Grand Rapids Dutch Ovens : RHP Bob Peterson
Batting: RHB Joseph Leach 0-0: DOUBLE (Line Drive, 7LS)
Batting: LHB Eric Dillard 0-0: SINGLE (Line Drive, 34)
Joseph Leach to third
Runner from 3rd tries for Home, SAFE, no throw
Batting: RHB Tim Bonner 0-0: Foul Ball, location: 2F
0-1: Called Strike
Eric Dillard steals 2nd base
0-2: SINGLE (Groundball, 56D)
Eric Dillard to third
Runner from 3rd tries for Home, SAFE, no throw
Batting: LHB Wayne Rogers 0-0: Foul Ball, location: 2F
0-1: Foul Ball, location: 2F
0-2: SINGLE (Groundball, 56S) (infield hit)
Tim Bonner to second
Batting: RHB Lawrence Howard 0-0: Ball
1-0: Foul Ball, location: 2F
1-1: Swinging Strike
1-2: Ball
2-2: Ball
3-2: Foul Ball, location: 2F
3-2: Foul Ball, location: 2F
3-2: Foul Ball, location: 2F
3-2: Grounds into double play, 5-4-3 (Groundball, 56)
Tim Bonner to third
Pitching: RHP Mark Messier
Batting: LHB Felipe Rivera 0-0: Called Strike
0-1: Swinging Strike
0-2: Strikes out looking
Top of the 3rd over - 2 run(s), 4 hit(s), 0 error(s), 1 left on base; Ottawa 3 - Grand Rapids 1
BOTTOM OF THE 3RD
Grand Rapids Dutch Ovens batting - Pitching for Ottawa Fat Cats : RHP Steve Sousa
Batting: RHB José Wills 0-0: Ball
1-0: Ball
2-0: Ground out 5-3 (Groundball, 56)
Batting: SHB Víctor Torres 0-0: Ball
1-0: Ground out 6-3 (Groundball, 6)
Batting: RHB Tim Lee 0-0: Ball
1-0: Ball
2-0: Called Strike
2-1: Fly out, F7 (Line Drive, 7)
Bottom of the 3rd over - 0 run(s), 0 hit(s), 0 error(s), 0 left on base; Ottawa 3 - Grand Rapids 1
TOP OF THE 4TH
Ottawa Fat Cats batting - Pitching for Grand Rapids Dutch Ovens : RHP Mark Messier
Batting: RHB Santiago Díaz 0-0: Called Strike
0-1: Ground out 5-3 (Groundball, 56S)
Batting: SHB Jorge Santos 0-0: Ball
1-0: Swinging Strike
1-1: Foul Ball, location: 2F
1-2: Foul Ball, location: 2F
1-2: Strikes out swinging
Batting: LHB Justin Tubridy 0-0: Called Strike
0-1: Fly out, F9 (Flyball, 9S)
Top of the 4th over - 0 run(s), 0 hit(s), 0 error(s), 0 left on base; Ottawa 3 - Grand Rapids 1
BOTTOM OF THE 4TH
Grand Rapids Dutch Ovens batting - Pitching for Ottawa Fat Cats : RHP Steve Sousa
Batting: LHB Nick Weber 0-0: Ball
1-0: Ball
2-0: Fly out, F2 (Popup, 25)
Batting: RHB William Todd 0-0: Ball
1-0: Ball
2-0: Ball
3-0: Called Strike
3-1: Base on Balls
Batting: LHB Félix Costa 0-0: Ball
1-0: Ball
2-0: Foul Ball, location: 2F
2-1: Foul Ball, location: 2F
2-2: SINGLE (Groundball, 56S) (infield hit)
William Todd to second
Batting: RHB Carlos Rosa 0-0: Swinging Strike
0-1: Grounds into double play, 5-4-3 (Groundball, 56)
Bottom of the 4th over - 0 run(s), 1 hit(s), 0 error(s), 1 left on base; Ottawa 3 - Grand Rapids 1
TOP OF THE 5TH
Ottawa Fat Cats batting - Pitching for Grand Rapids Dutch Ovens : RHP Mark Messier
Batting: RHB Joseph Leach 0-0: Ball
1-0: Foul Ball, location: 2F
1-1: Ball
2-1: Foul Ball, location: 2F
2-2: Ball
3-2: Strikes out swinging
Batting: LHB Eric Dillard 0-0: Ball
1-0: Called Strike
1-1: Foul Ball, location: 2F
1-2: Foul Ball, location: 2F
1-2: Ball
2-2: Fly out, F9 (Flyball, 89M)
Batting: RHB Tim Bonner 0-0: SINGLE (Line Drive, 78M)
Batting: LHB Wayne Rogers 0-0: Ball
Balk!
Tim Bonner to second
1-0: Ball
2-0: Called Strike
2-1: Foul Ball, location: 2F
2-2: Strikes out looking
Top of the 5th over - 0 run(s), 1 hit(s), 0 error(s), 1 left on base; Ottawa 3 - Grand Rapids 1
BOTTOM OF THE 5TH
Grand Rapids Dutch Ovens batting - Pitching for Ottawa Fat Cats : RHP Steve Sousa
Batting: RHB Alec Goodman 0-0: Called Strike
0-1: Foul Ball, location: 2F
0-2: Strikes out swinging
Batting: RHB Takuro Okawa 0-0: Ground out 6-3 (Groundball, 6)
Batting: RHB José Wills 0-0: SINGLE (Groundball, 6) (infield hit)
Batting: SHB Víctor Torres 0-0: Called Strike
0-1: DOUBLE (Line Drive, 9LS)
José Wills to third
Runner from 3rd tries for Home, SAFE, throw made home
Batting: RHB Tim Lee 0-0: Foul Ball, location: 2F
0-1: Ball
1-1: Foul Ball, location: 2F
1-2: SINGLE (Groundball, 4MD)
Víctor Torres to third
Runner from 3rd tries for Home, SAFE, throw made home
Tim Lee to second
Batting: LHB Nick Weber 0-0: Ball
1-0: SINGLE (Groundball, 4D)
Tim Lee to third
Runner from 3rd tries for Home, SAFE, no throw
Batting: RHB William Todd 0-0: Called Strike
0-1: Called Strike
0-2: Ball
1-2: SINGLE (Groundball, 6D)
Nick Weber to second
Batting: LHB Félix Costa 0-0: Called Strike
0-1: Swinging Strike
0-2: Ball
1-2: Fly out, F9 (Flyball, 89M)
Bottom of the 5th over - 3 run(s), 5 hit(s), 0 error(s), 2 left on base; Ottawa 3 - Grand Rapids 4
TOP OF THE 6TH
Ottawa Fat Cats batting - Pitching for Grand Rapids Dutch Ovens : RHP Mark Messier
Batting: RHB Lawrence Howard 0-0: Called Strike
0-1: Fly out, F6 (Popup, 6D)
Batting: LHB Felipe Rivera 0-0: Ball
1-0: Foul Ball, location: 2F
1-1: Called Strike
1-2: Foul Ball, location: 2F
1-2: Ball
2-2: Ball
3-2: Base on Balls
Pitching: LHP Jorge Luna
Batting: RHB Santiago Díaz 0-0: Ball
1-0: Ball
Felipe Rivera steals 2nd base
2-0: Swinging Strike
2-1: Swinging Strike
2-2: Strikes out swinging
Batting: SHB Jorge Santos 0-0: Swinging Strike
0-1: Ball
1-1: Ball
2-1: Called Strike
2-2: Foul Ball, location: 2F
2-2: Ball
3-2: Base on Balls
Batting: LHB Justin Tubridy 0-0: Ball
1-0: Ball
2-0: Ground out U3 (Groundball, 34)
Top of the 6th over - 0 run(s), 0 hit(s), 0 error(s), 2 left on base; Ottawa 3 - Grand Rapids 4
BOTTOM OF THE 6TH
Grand Rapids Dutch Ovens batting - Pitching for Ottawa Fat Cats : RHP Steve Sousa
Pitching: LHP Pablo Ortíz
Batting: RHB Carlos Rosa 0-0: Fly out, F8 (Line Drive, 8LS)
Batting: RHB Alec Goodman 0-0: Ball
1-0: Ground out 5-3 (Groundball, 5L)
Batting: RHB Takuro Okawa 0-0: Ball
1-0: Foul Ball, location: 2F
1-1: Fly out, F9 (Flyball, 9S)
Bottom of the 6th over - 0 run(s), 0 hit(s), 0 error(s), 0 left on base; Ottawa 3 - Grand Rapids 4
TOP OF THE 7TH
Ottawa Fat Cats batting - Pitching for Grand Rapids Dutch Ovens : LHP Jorge Luna
Batting: RHB Joseph Leach 0-0: Foul Ball, location: 2F
0-1: Swinging Strike
0-2: Ball
1-2: Ball
2-2: Strikes out swinging
Batting: LHB Eric Dillard 0-0: Swinging Strike
0-1: Ground out U3 (Groundball, 3)
Batting: RHB Tim Bonner 0-0: Ball
1-0: Ball
2-0: SOLO HOME RUN (Flyball, 78XD), Distance : 415 ft
Batting: LHB Wayne Rogers 0-0: Foul Ball, location: 2F
0-1: SINGLE (Groundball, 6D)
Batting: RHB Lawrence Howard 0-0: Ball
1-0: Ball
2-0: Foul Ball, location: 2F
2-1: Ball
3-1: Base on Balls
Wayne Rogers to second
Pinch Hitting: RHB Daniel Quintana 0-0: Ball
1-0: Swinging Strike
1-1: Ball
2-1: Ball
3-1: Base on Balls
Wayne Rogers to third
Lawrence Howard to second
Batting: RHB Santiago Díaz 0-0: Ball
1-0: Swinging Strike
1-1: GRAND SLAM HOME RUN (Flyball, 78XD), Distance : 413 ft
Batting: SHB Jorge Santos 0-0: Ball
1-0: Ball
2-0: Ground out 6-3 (Groundball, 6)
Top of the 7th over - 5 run(s), 3 hit(s), 0 error(s), 0 left on base; Ottawa 8 - Grand Rapids 4
BOTTOM OF THE 7TH
Grand Rapids Dutch Ovens batting - Pitching for Ottawa Fat Cats : LHP Pablo Ortíz
Now in RF: Robert Blanchard
Batting: RHB José Wills 0-0: Ball
1-0: Ground out 5-3 (Groundball, 56)
Batting: SHB Víctor Torres 0-0: Fly out, F2 (Popup, 15S)
Batting: RHB Tim Lee 0-0: Called Strike
0-1: Called Strike
0-2: Strikes out looking
Bottom of the 7th over - 0 run(s), 0 hit(s), 0 error(s), 0 left on base; Ottawa 8 - Grand Rapids 4
TOP OF THE 8TH
Ottawa Fat Cats batting - Pitching for Grand Rapids Dutch Ovens : LHP Jorge Luna
Pitching: LHP Sancho Espinoza
Batting: LHB Justin Tubridy 0-0: Fly out, F8 (Flyball, 8LM)
Batting: RHB Joseph Leach 0-0: Called Strike
0-1: Ball
1-1: Called Strike
1-2: Foul Ball, location: 2F
1-2: Ball
2-2: Foul Ball, location: 2F
2-2: Foul Ball, location: 2F
2-2: Ball
3-2: Foul Ball, location: 2F
3-2: Strikes out swinging
Batting: LHB Eric Dillard 0-0: SINGLE (Groundball, 4D)
Batting: RHB Tim Bonner 0-0: Ball
Eric Dillard is caught stealing 2nd base
Top of the 8th over - 0 run(s), 1 hit(s), 0 error(s), 0 left on base; Ottawa 8 - Grand Rapids 4
BOTTOM OF THE 8TH
Grand Rapids Dutch Ovens batting - Pitching for Ottawa Fat Cats : LHP Pablo Ortíz
Batting: LHB Nick Weber 0-0: Ball
1-0: Swinging Strike
1-1: SINGLE (Groundball, 4D)
Batting: RHB William Todd 0-0: Fielders Choice at 2nd, 5-4 (Groundball, 56)
Batting: LHB Félix Costa 0-0: Ball
1-0: Ball
2-0: Ball
3-0: Base on Balls
William Todd to second
Pitching: RHP Carlos Briacho
Batting: RHB Carlos Rosa 0-0: Called Strike
0-1: Foul Ball, location: 2F
0-2: Foul Ball, location: 2F
0-2: Foul Ball, location: 2F
0-2: Foul Ball, location: 2F
0-2: Ball
1-2: Ball
2-2: Strikes out swinging
Batting: RHB Alec Goodman 0-0: Ball
1-0: Ball
2-0: Ball
3-0: Called Strike
3-1: Fielders Choice at 2nd, 5-4 (Groundball, 56)
Bottom of the 8th over - 0 run(s), 1 hit(s), 0 error(s), 1 left on base; Ottawa 8 - Grand Rapids 4
TOP OF THE 9TH
Ottawa Fat Cats batting - Pitching for Grand Rapids Dutch Ovens : LHP Sancho Espinoza
Batting: RHB Tim Bonner 0-0: Called Strike
0-1: Ball
1-1: Foul Ball, location: 2F
1-2: Ball
2-2: Foul Ball, location: 2F
2-2: Fly out, F4 (Flyball, 4MD)
Batting: LHB Wayne Rogers 0-0: Ball
1-0: Ball
2-0: Fly out, F8 (Flyball, 8RXD)
Batting: RHB Lawrence Howard 0-0: Called Strike
0-1: Ball
1-1: Ball
2-1: Foul Ball, location: 2F
2-2: Ball
3-2: Strikes out swinging
Top of the 9th over - 0 run(s), 0 hit(s), 0 error(s), 0 left on base; Ottawa 8 - Grand Rapids 4
BOTTOM OF THE 9TH
Grand Rapids Dutch Ovens batting - Pitching for Ottawa Fat Cats : RHP Carlos Briacho
Batting: RHB Takuro Okawa 0-0: Called Strike
0-1: Foul Ball, location: 2F
0-2: Foul Ball, location: 2F
0-2: Ball
1-2: Foul Ball, location: 2F
1-2: Strikes out swinging
Batting: RHB José Wills 0-0: SINGLE (Line Drive, 8LS)
Batting: SHB Víctor Torres 0-0: Called Strike
0-1: Swinging Strike
0-2: Ball
1-2: Ball
2-2: Foul Ball, location: 2F
2-2: Ball
3-2: Strikes out swinging
Batting: RHB Tim Lee 0-0: Called Strike
0-1: Ball
1-1: Called Strike
1-2: Strikes out swinging
Bottom of the 9th over - 0 run(s), 1 hit(s), 0 error(s), 1 left on base; Ottawa 8 - Grand Rapids 4
Thursday, March 30th, 2017 - OOTP Baseball 17.12 Build 75